 Dungeon Crawl Stone Soup version 0.31.0-12-g77e489cdc1 (webtiles) character file.

Game seed: 12107787262877955390

4668 monsoonserge the Grappler (level 10, -19/76 HPs)
             Began as a Gnoll Shapeshifter on Feb 15, 2024.
             Was a Follower of Wu Jian.
             Demolished by an orc warlord
             ... wielding a +6 broad axe
              (33 damage)
             ... in a bailey.
             The game lasted 00:28:47 (7311 turns).

monsoonserge the Grappler (Gnoll Shapeshifter)      Turns: 7311, Time: 00:28:47

Health: -19/76     AC:  2    Str: 18 (20) XL:     10   Next: 44%
Magic:  20/20      EV: 25    Int:  7 (8)  God:    Wu Jian [*.....]
Gold:   346        SH:  0    Dex: 18 (21) Spells: 19/19 levels left

rFire   . .          .
                       - Unarmed
rCold   + . .        (shield currently unavailable)
rNeg    . . .        i - melded +0 leather armour
rPois   .            (no helmet)
rElec   .            (no cloak)
rCorr   .            (no gloves)
SInv    .            (no boots)
Will    +....        r - amulet of the acrobat
Stlth   ++           g - +6 ring of dexterity
HPRegen 0.32/turn    K - +5 ring of evasion
MPRegen 0.17/turn

%: acrobat
@: flux-form, enlightened, flying, hasted, glowing, very quick
A: glow, contaminating, fangs 1, strong nose, distributed training, iridescent
scales 1, agile 1, cold resistance 1, high MP 1, sense surroundings 1, strong 1
a: Begin Untransformation, Renounce Religion


You were in a bailey.
You worshipped Wu Jian.
Wu Jian was aware of your devotion.
You were something dangerously unstable.
You visited 2 branches of the dungeon, and saw 9 of its levels.
You also visited: Sewer and Bailey.

You collected 346 gold pieces.

Inventory:

Hand Weapons
 m - a +0 orcbow
 R - a +2 whip of draining
Missiles
 o - 8 boomerangs (quivered)
 t - 7 curare-tipped darts
 u - 23 poisoned darts
 C - 6 silver javelins
 N - 5 javelins
Armour
 i - a +0 leather armour (melded)
 E - a +0 chain mail
 M - the +2 ring mail "Xoihopha" {rElec Str-4 Int+3}
   (You found it on level 5 of the Dungeon)

   Str-4:     It affects your strength (-4).
   Int+3:     It affects your intelligence (+3).
   rElec:     It insulates you from electricity.
 O - +0 fire dragon scales
 P - a +0 scale mail
 Q - a +0 pair of gloves
 S - +0 steam dragon scales
 U - a +3 leather armour
Jewellery
 g - a +6 ring of dexterity (left hand)
 n - a ring of ice
 r - an amulet of the acrobat (around neck)
 G - a ring of wizardry
 J - a +6 ring of dexterity
 K - a +5 ring of evasion (right hand)
Talismans
 c - a beast talisman
 d - a flux talisman (active)
Wands
 F - a wand of iceblast (6)
Scrolls
 a - a scroll of noise {unknown}
 f - a scroll of silence {unknown}
 h - 2 scrolls of enchant armour
 p - 2 scrolls of blinking
 q - 2 scrolls of revelation {unknown}
 s - 8 scrolls of teleportation
 v - 2 scrolls of butterflies {unknown}
 w - a scroll of enchant weapon {unknown}
 y - 3 scrolls of fear {unknown}
 B - a scroll of torment {unknown}
 D - a scroll of immolation {unknown}
 H - 3 scrolls of fog {unknown}
Potions
 b - 3 potions of lignification
 e - a potion of magic {unknown}
 j - 3 potions of curing
 k - 4 potions of brilliance
 l - 3 potions of haste
 x - 2 potions of enlightenment
 z - 2 potions of cancellation
 A - a potion of ambrosia {unknown}
 I - a potion of heal wounds {unknown}
 L - 3 potions of resistance


   Skills:
 + Level 6.1 Fighting
 + Level 5.4 Short Blades
 + Level 5.4 Long Blades
 + Level 5.4 Axes
 + Level 5.4 Maces & Flails
 + Level 5.4 Polearms
 + Level 5.4 Staves
 + Level 5.4 Ranged Weapons
 + Level 5.4 Throwing
 + Level 5.4 Armour
 + Level 7.2 Dodging
 + Level 5.4 Stealth
 + Level 5.4 Shields
 + Level 8.6 Unarmed Combat
 + Level 5.4 Spellcasting
 + Level 4.5 Conjurations
 + Level 4.5 Hexes
 + Level 4.5 Summonings
 + Level 4.5 Necromancy
 + Level 4.5 Translocations
 + Level 4.5 Fire Magic
 + Level 4.5 Ice Magic
 + Level 4.5 Air Magic
 + Level 4.5 Earth Magic
 + Level 4.5 Alchemy
 + Level 6.0 Invocations
 + Level 5.4 Evocations
 + Level 8.3 Shapeshifting


You had 19 spell levels left.
You didn't know any spells.
Your spell library contained the following spells:

 Spells                   Type           Power      Damage    Failure   Level
 Necrotise                Necr           32%        1d5       4%          1
 Fugue of the Fallen      Necr           8%         N/A       13%         3
 Inner Flame              Hex/Fire       8%         N/A       13%         3
 Ozocubu's Armour         Ice            8%         N/A       13%         3
 Vampiric Draining        Necr           8%         2d6       13%         3
 Manifold Assault         Tloc           8%         N/A       38%         4
 Martyr's Knell           Necr/Summ      8%         N/A       38%         4
 Curse of Agony           Necr           8%         N/A       75%         5
 Irradiate                Conj/Alch      4%         3d13      75%         5
 Ignition                 Fire           4%         3d4       100%        8


Dungeon Overview and Level Annotations

Branches:
Dungeon (8/15)             Temple (1/1) D:7           Sewer (visited)
 Bailey (1/1)
   Lair: D:8-11

Altars:
Ashenzari
Cheibriados
Dithmenos
Elyvilon
Fedhas
Gozag
Kikubaaqudgha
Makhleb
Nemelex Xobeh
Okawaru
Qazlal
Ru
Uskayaw
Vehumet
Wu Jian
Zin
The Shining One

Annotations:
D:6 3 runed translucent doors, RancidPinata's ghost, amateur OpDe


Innate Abilities, Weirdness & Mutations

You are something dangerously unstable.
You glow with magical radiation, making you easy to see and hit.
Foes you strike become dangerously contaminated with magical radiation.
You are incapable of wielding weapons or throwing items.
You have very sharp teeth.
Your uncanny sense of smell can sniff out nearby items.
Your experience applies equally to all skills.
You are partially covered in iridescent scales. (AC +2)
You are agile. (Dex +4, Str/Int -1)
Your flesh is cold resistant. (rC+)
You have an increased reservoir of magic. (+10% MP)
You passively map a small area around you.
Your muscles are strong. (Str +4, Int/Dex -1)


Message History

The goblin completely misses you.
You closely miss the goblin.
The goblin is heavily wounded.
You hit the goblin.
The goblin glows dangerously bright.
You bite the goblin, but do no damage.
The goblin is severely wounded.
The goblin completely misses you.
You barely miss the goblin. You bite the goblin, but do no damage.
The goblin is severely wounded.
Unknown command.
You hit the orc warlord.
The orc warlord begins to glow.
You bite the orc warlord, but do no damage.
The orc warlord is lightly wounded.
You hit the orc warlord but do no damage.
The orc warlord glows dangerously bright.
The orc warlord is lightly wounded.
The orc warlord hits you with a +6 broad axe!!!
Ouch! That really hurt!
You feel yourself speed up. The orc warlord completely misses you.
You hit the orc warlord.
The orc warlord shudders as magic cascades through it!!
The orc warlord twists and deforms.
The orc warlord is moderately wounded.
The orc warlord completely misses you.
You hit the orc warlord but do no damage.
The orc warlord begins to glow.
The orc warlord is moderately wounded.
You hit the orc warlord.
The orc warlord glows dangerously bright.
The orc warlord is moderately wounded.
The orc warlord hits you with a +6 broad axe!!
* * * LOW HITPOINT WARNING * * *
It was a potion of enlightenment.
You feel very buoyant.
You fly up into the air.
It was a potion of degeneration.
There was something very wrong with that liquid.
You feel weakened.
You feel dopey.
You feel clumsy.
The orc warlord hits you with a +6 broad axe!!
You die...

##).)..## ,, ##..)).##
##)####...........####)##
##.....##.........##.....##
#.......#...).....#..)....#
##.......##.......##.......##
#.........#,.gog. #.........#
##.........## oog*##.........##
#.....⌠.....###o###.....⌠.....#
##.........##88p88##.........##
#.........#.......#.........#
##......[##.......##.......##
#......)')........'.......#
##.....##[........##.....##
#######.....⌠.....#######
##.........## #.........#
##.......##


You could see an orc warlord (strong, heavy contam, misshapen), an orc knight
(strong), an orc warrior (strong), an orc (strong), 2 hobgoblins and a goblin
(contam).

Vanquished Creatures
  Maggie (D:6)
  Grinder (D:6)
  Sigmund (D:4)
  An ice beast (D:5)
  9 orc warriors (Bailey)
  2 black bears
  A sky beast (D:5)
  An ogre (D:5)
  2 centaurs
  A phantom (D:5)
  5 kobold brigands
  4 bullfrogs
  5 scorpions
  9 wights
  6 killer bees
  2 bombardier beetles
  2 jellies
  A gnoll bouda (D:6)
  5 hounds
  An orc priest (D:7)
  A sleepcap (D:7)
  2 iguanas (D:5)
  2 orc wizards
  9 gnolls
  4 river rats
  14 adders
  A shadow imp (D:7)
  3 dart slugs
  4 ribbon worms
  28 orcs
  10 endoplasms
  3 giant cockroaches
  24 goblins
  16 hobgoblins
  6 jackals
  3 quokkas
  9 ball pythons
  6 bats
  2 frilled lizards
  11 kobolds
  16 rats
234 creatures vanquished.

Notes
Turn   | Place    | Note
-------+----------+-------------------------------------------
     0 | D:1      | monsoonserge the Gnoll Shapeshifter began the quest for the
                  | Orb.
     0 | D:1      | Reached XP level 1. HP: 17/17 MP: 1/1
   189 | D:1      | Reached XP level 2. HP: 15/23 MP: 2/2
   487 | D:1      | Reached XP level 3. HP: 20/28 MP: 3/3
   758 | D:1      | Reached skill level 1 in Invocations
  1156 | D:2      | Reached skill level 1 in Short Blades
  1156 | D:2      | Reached skill level 1 in Long Blades
  1156 | D:2      | Reached skill level 1 in Axes
  1156 | D:2      | Reached skill level 1 in Maces & Flails
  1156 | D:2      | Reached skill level 1 in Polearms
  1156 | D:2      | Reached skill level 1 in Staves
  1156 | D:2      | Reached skill level 1 in Ranged Weapons
  1156 | D:2      | Reached skill level 1 in Throwing
  1156 | D:2      | Reached skill level 1 in Armour
  1156 | D:2      | Reached skill level 1 in Stealth
  1156 | D:2      | Reached skill level 1 in Shields
  1156 | D:2      | Reached skill level 1 in Spellcasting
  1156 | D:2      | Reached skill level 1 in Evocations
  1373 | D:2      | Found an ancient bone altar of Kikubaaqudgha.
  1443 | D:2      | Reached XP level 4. HP: 27/34 MP: 5/5
  1658 | D:3      | Reached skill level 1 in Conjurations
  1658 | D:3      | Reached skill level 1 in Hexes
  1658 | D:3      | Reached skill level 1 in Summonings
  1658 | D:3      | Reached skill level 1 in Necromancy
  1658 | D:3      | Reached skill level 1 in Translocations
  1658 | D:3      | Reached skill level 1 in Fire Magic
  1658 | D:3      | Reached skill level 1 in Ice Magic
  1658 | D:3      | Reached skill level 1 in Air Magic
  1658 | D:3      | Reached skill level 1 in Earth Magic
  1658 | D:3      | Reached skill level 1 in Alchemy
  1659 | D:3      | Gained mutation: You are frail. (-10% HP) [potion of
                  | mutation]
  1659 | D:3      | Gained mutation: Your flesh is cold resistant. (rC+)
                  | [potion of mutation]
  1659 | D:3      | Gained mutation: Armour fits poorly on your strangely
                  | shaped body. [potion of mutation]
  1667 | D:3      | Lost mutation: You are frail. (-10% HP) [potion of
                  | mutation]
  1667 | D:3      | Lost mutation: Armour fits poorly on your strangely shaped
                  | body. [potion of mutation]
  1667 | D:3      | Gained mutation: You have hidden genetic potential. [potion
                  | of mutation]
  1667 | D:3      | Gained mutation: You are agile. (Dex +4, Str/Int -1)
                  | [potion of mutation]
  1667 | D:3      | Gained mutation: Your muscles are strong. (Str +4, Int/Dex
                  | -1) [potion of mutation]
  1669 | D:3      | Found a glowing drain.
  1788 | Sewer    | Entered a sewer
  1815 | Sewer    | Reached XP level 5. HP: 38/40 MP: 7/7
  1890 | Sewer    | Noticed a kobold brigand
  1890 | Sewer    | Noticed a kobold brigand
  1911 | Sewer    | Noticed a kobold brigand
  1915 | Sewer    | Killed a kobold brigand
  1923 | Sewer    | Gained mutation: You have great hidden genetic potential.
                  | [hidden potential]
  1927 | Sewer    | Killed a kobold brigand
  1928 | Sewer    | Reached skill level 5 in Dodging
  1928 | Sewer    | Reached XP level 6. HP: 29/47 MP: 7/9
  1945 | Sewer    | Gained mutation: You have an increased reservoir of magic.
                  | (+10% MP) [hidden potential]
  1945 | Sewer    | Lost mutation: You have great hidden genetic potential.
                  | [hidden potential expressed]
  2228 | Sewer    | Reached XP level 7. HP: 38/52 MP: 11/11
  2609 | D:3      | Found a faded altar of an unknown god.
  3064 | D:4      | Found a radiant altar of Vehumet.
  3122 | D:4      | Found a sacrificial altar of Ru.
  3127 | D:4      | Found a blossoming altar of Fedhas.
  3409 | D:4      | Gained mutation: You are partially covered in iridescent
                  | scales. (AC +2) [hidden potential]
  3890 | D:4      | Noticed Sigmund
  3905 | D:4      | Killed Sigmund
  3906 | D:4      | Reached XP level 8. HP: 57/60 MP: 13/13
  3973 | D:5      | Entered Level 5 of the Dungeon
  3998 | D:5      | HP: 2/60 [poisoned by a scorpion]
  3998 | D:5      | Gained mutation: You passively map a small area around you.
                  | [hidden potential]
  3998 | D:5      | Lost mutation: You have hidden genetic potential. [hidden
                  | potential expressed]
  4407 | D:5      | Identified the +2 ring mail "Xoihopha" {rElec Str-4 Int+3}
  4576 | D:5      | Found a white marble altar of Elyvilon.
  4592 | D:5      | You fall into a shaft and drop 1 floor!
  4624 | D:6      | Noticed a gargoyle
  4691 | D:6      | Noticed Maggie
  4862 | D:5      | Reached XP level 9. HP: 52/66 MP: 16/16
  5149 | D:6      | Reached skill level 5 in Fighting
  5252 | D:6      | Noticed Grinder
  5261 | D:6      | Paralysed by Grinder for 3 turns
  5277 | D:6      | Killed Grinder
  5377 | D:6      | Found a runed translucent gate.
  5378 | D:6      | Found a runed translucent gate.
  5386 | D:6      | Noticed RancidPinata's ghost (amateur OpDe)
  5390 | D:6      | Killed Maggie
  5391 | D:6      | Reached skill level 5 in Invocations
  5501 | D:6      | Found a runed translucent gate.
  5934 | D:7      | Found an opulent altar of Gozag.
  6132 | D:7      | Reached skill level 5 in Short Blades
  6132 | D:7      | Reached skill level 5 in Long Blades
  6132 | D:7      | Reached skill level 5 in Axes
  6132 | D:7      | Reached skill level 5 in Maces & Flails
  6132 | D:7      | Reached skill level 5 in Polearms
  6132 | D:7      | Reached skill level 5 in Staves
  6132 | D:7      | Reached skill level 5 in Ranged Weapons
  6132 | D:7      | Reached skill level 5 in Throwing
  6132 | D:7      | Reached skill level 5 in Armour
  6132 | D:7      | Reached skill level 5 in Stealth
  6132 | D:7      | Reached skill level 5 in Shields
  6132 | D:7      | Reached skill level 5 in Spellcasting
  6132 | D:7      | Reached skill level 5 in Evocations
  6132 | D:7      | Reached XP level 10. HP: 71/76 MP: 19/19
  6301 | D:7      | Found a staircase to the Ecumenical Temple.
  6334 | Temple   | Entered the Ecumenical Temple
  6340 | Temple   | Became a worshipper of the Wu Jian Council
  6845 | D:8      | Found a flagged portal.
  6875 | Bailey   | Entered a bailey
  7075 | Bailey   | Reached * piety under Wu Jian
  7294 | Bailey   | Noticed an orc warlord
  7296 | Bailey   | Noticed an orc knight
  7311 | Bailey   | Demolished by an orc warlord

Illustrated notes

Levels and vault maps discovered:
D:1:      evilmike_arrival_crescent, layout_loops_cross, serial_bayou_lake_a
D:2:      minmay_skewed_foursquare, layout_rooms, basic_altar
D:3:      layout_basic, ebering_ecumenical_altar_petrified,
          portal_sewer_entry_a, minmay_statues_item
D:4:      layout_loops_corners, minmay_overflow_temple_star_quad,
          chequers_serial_rivers_small_a, cheibrodos_gnoll_hut, uniq_sigmund
D:5:      layout_basic, elyvilon_altar_1
D:6:      layout_rooms, gammafunk_ghost_split, uniq_grinder, uniq_maggie
D:7:      layout_loops_ring, grunt_gozag_breadcrumbs,
          minmay_temple_entry_mini_moons, corexii_checkpoint,
          nicolae_letterblocks [nicolae_letter_subblock,
          nicolae_letter_subblock, nicolae_letter_subblock,
          nicolae_letter_subblock, nicolae_letter_subblock,
          nicolae_letter_subblock, nicolae_letter_subblock,
          nicolae_letter_subblock, nicolae_letter_subblock,
          nicolae_letter_subblock, nicolae_letter_subblock,
          nicolae_letter_subblock, nicolae_letter_subblock,
          nicolae_letter_subblock, nicolae_letter_subblock,
          nicolae_letter_subblock, nicolae_letter_subblock,
          nicolae_letter_subblock, nicolae_letter_subblock,
          nicolae_letter_subblock, nicolae_letter_subblock,
          nicolae_letter_subblock, nicolae_letter_subblock,
          nicolae_letter_subblock, nicolae_letter_subblock]
D:8:      layout_basic, regret_index_temple_of_mockery,
          hellmonk_overflow_destroyed_library, nicolae_overflow_crystal_walls,
          enter_bailey_4
Temple:   hellmonk_temple_two_chambers
Bailey:   bailey_axe_minmay_hex_keep, bailey

Skill      XL: |  1  2  3  4  5  6  7  8  9 10 |
---------------+-------------------------------+-----
Invocations    | 1 2 3 4 5 6 |  6.0
Short Blades   | 1 2 3 5 |  5.4
Long Blades    | 1 2 3 5 |  5.4
Axes           | 1 2 3 5 |  5.4
Maces & Flails | 1 2 3 5 |  5.4
Polearms       | 1 2 3 5 |  5.4
Staves         | 1 2 3 5 |  5.4
Ranged Weapons | 1 2 3 5 |  5.4
Throwing       | 1 2 3 5 |  5.4
Armour         | 1 2 3 5 |  5.4
Stealth        | 1 2 3 5 |  5.4
Shields        | 1 2 3 5 |  5.4
Spellcasting   | 1 2 3 5 |  5.4
Evocations     | 1 2 3 5 |  5.4
Conjurations   | 1 2 3 4 |  4.5
Hexes          | 1 2 3 4 |  4.5
Summonings     | 1 2 3 4 |  4.5
Necromancy     | 1 2 3 4 |  4.5
Translocations | 1 2 3 4 |  4.5
Fire Magic     | 1 2 3 4 |  4.5
Ice Magic      | 1 2 3 4 |  4.5
Air Magic      | 1 2 3 4 |  4.5
Earth Magic    | 1 2 3 4 |  4.5
Alchemy        | 1 2 3 4 |  4.5
Fighting       | 3 4 5 6 |  6.1
Dodging        | 5 6 7 |  7.2
Unarmed Combat | 7 8 |  8.6
Shapeshifting  | 7 8 |  8.3

Action                     |  1- 3 |  4- 6 |  7- 9 | 10-12 || total
---------------------------+-------+-------+-------+-------++-------
  Melee: Unarmed           |   134 |   113 |   356 |   200 ||   803
         Bite              |     9 |     9 |    40 |    37 ||    95
Ability: Lunge             |       |       |       |    14 ||    14
         Whirlwind         |       |       |       |     1 ||     1
  Evoke: Wand              |       |       |       |     1 ||     1
    Use: Potion            |       |     3 |     3 |     3 ||     9
         Scroll            |       |       |     7 |       ||     7
   Stab: Sleeping          |     1 |       |     2 |       ||     3
 Armour: Skin              |    26 |    22 |    90 |    29 ||   167
  Dodge: Dodged            |   112 |    71 |   389 |   139 ||   711
   Form: Flux              |     2 |       |       |       ||     2
         Beast             |     1 |       |       |       ||     1
